Cogmind - Beta 15 @@@ ROGUE MODE // 2025.07.24 @ 05:36:54 Player: shapeshifter Result: Destroyed by Autobeam Turret with Autobeam Performance ------------- Evolutions (0) 0 Regions Visited (3) 600 Robots Destroyed (15) 75 Value Destroyed (250) 250 Prototype IDs (0) 0 Alien Tech Used (0) 0 Bonus (60) 60 TOTAL SCORE: 985 Bonus ------- Follower Combat Kills 60 Cogmind --------- Core Integrity 0/250 Matter 300/300 Energy 125/125 System Corruption 0% Temperature Cool (6) Movement Core (400) Ox7 Location -10/Subcaves Parts ------- > --- POWER (1) -------- Light Ion Engine > --- PROPULSION (2) --- (None) > --- UTILITY (2) ------ Large Storage Unit Seismic Detector > --- WEAPON (2) ------- (None) > --- INVENTORY (15) --- Light Nuclear Core Large Storage Unit ECM Suite Light Armor Plating Mining Laser Peak State ------------ > --- POWER ------------ Light Ion Engine > --- PROPULSION ------- Light Treads Light Treads > --- UTILITY ---------- Large Storage Unit Seismic Detector > --- WEAPON ----------- EM Pulse Gun Assault Rifle > --- INVENTORY -------- Light Ion Engine Light Nuclear Core Wheel Compact Wheel Large Storage Unit ECM Suite Light Armor Plating EM Pulse Gun Mining Laser Mining Laser [Rating: 8] Favorites ----------- Power Light Ion Engine Engine Light Ion Engine Propulsion Light Treads Treads Light Treads Wheel Compact Wheel Utility Seismic Detector Device Seismic Detector Storage Large Storage Unit Weapon EM Pulse Gun Energy Gun EM Pulse Gun Ballistic Gun Assault Rifle Special Weapon Mining Laser Build | -11 -10 -10 -10 ------- Run | Yrd Mat Min Sub Slots Evolved . | . . . . Power . | . . . . Propulsion . | . . . . Utility . | . . . . Weapon . | . . . . Parts Attached 13 | 7 1 3 2 Power 2 | 1 . . 1 Engine 2 | 1 . . 1 Core . | . . . . Reactor . | . . . . Propulsion 4 | 2 . 2 . Treads 2 | 2 . . . Leg . | . . . . Wheel 2 | . . 2 . Hover . | . . . . Flight . | . . . . Utility 3 | 2 1 . . Device 1 | 1 . . . Storage 2 | 1 1 . . Processor . | . . . . Hackware . | . . . . Protection . | . . . . Artifact . | . . . . Weapon 4 | 2 . 1 1 Energy Gun 2 | 1 . 1 . Energy Cannon . | . . . . Ballistic Gun 1 | 1 . . . Ballistic Cannon . | . . . . Launcher . | . . . . Special Weapon 1 | . . . 1 Impact Weapon . | . . . . Slashing Weapon . | . . . . Piercing Weapon . | . . . . Special Melee Weapon . | . . . . Unidentified Prototypes . | . . . . Parts Lost 9 | . . 6 3 Power 1 | . . 1 . Propulsion 4 | . . 2 2 Utility . | . . . . Weapon 4 | . . 3 1 Highest Loss Streak 6 | . . 6 3 To Critical Strikes . | . . . . Average Backups 6 | 3 6 8 5 Power 1 | . 1 1 1 Propulsion 1 | 1 2 1 . Utility 2 | . 1 3 3 Weapon 2 | 1 2 2 1 Tool/Special . | . . . . Unused Backups 5 | . . . 5 Power 1 | . . . 1 Propulsion . | . . . . Utility 3 | . . . 3 Weapon 1 | . . . 1 Tool/Special . | . . . . Average Slot Usage (%) 87 | . 100 80 84 Engine 10 | . 14 7 14 Treads 17 | . 28 16 . Wheel 10 | . . 11 28 Device 14 | . 14 14 14 Storage 14 | . 14 14 14 Energy Gun 8 | . 14 8 . Ballistic Gun 8 | . 14 7 . Special Weapon 2 | . . . 13 Peak Build Rating 8 | 7 7 8 6 Average Rating 6 | 4 7 5 5 On Entrance 4 | . 7 7 4 Naked Turns . | . . . . Heaviest Build 28 | 13 28 28 25 Greatest Support 40 | 40 40 40 26 Greatest Overweight (x) 8 | . . 1 8 Average Overweight (x) . | . . . . Largest Inventory Capacity 15 | 8 15 15 15 Average Capacity 13 | 7 10 15 15 Most Carried 10 | 6 9 10 6 Average Carried 6 | 3 6 8 5 Final Capacity 15 | 8 15 15 15 Final Carried 9 | 5 9 7 5 Class Distribution -------------------- 100% | Mutant Dominant Class ---------------- Mutant | -10/Materials Mutant | -10/Mines Mutant | -10/Subcaves Resources | -11 -10 -10 -10 ----------- Run | Yrd Mat Min Sub Matter Collected 425 | 282 71 57 15 Remotely . | . . . . Salvage Created 493 | 135 162 196 . Parts 31 | 10 11 10 . Haulers Intercepted . | . . . . Recyclers Shooed . | . . . . Parts Field Recycled . | . . . . Retrieved Matter . | . . . . Parts Self-Destructed . | . . . . Prevented . | . . . . Kills | -11 -10 -10 -10 ------- Run | Yrd Mat Min Sub Combat Hostiles Destroyed 10 | . 4 6 . Guns 9 | . 4 5 . AOE 1 | . . 1 . Classes Destroyed 6 | 2 4 . . Builder 1 | . 1 . . Tunneler 2 | 2 . . . Recycler 1 | 1 . . . Watcher 1 | . 1 . . Swarmer 6 | . 3 3 . Grunt 4 | . 1 3 . Best Kill Streak 3 | 3 3 3 . Combat Bots Only 3 | . 2 3 . Max Kills in Single Turn 1 | 1 1 1 . Gunslinging . | . . . . Exploded 1 | . . 1 . Melee . | . . . . Uniques/NPCs Destroyed . | . . . . Combat | -11 -10 -10 -10 -------- Run | Yrd Mat Min Sub Hostile Shots Fired 142 | . 48 61 33 Missed 47 | . 15 23 9 Hits 95 | . 33 38 24 Projectile 95 | . 33 38 24 Critical Strikes 1 | . . 1 . Damage Taken 1023 | . 311 555 157 Core 254 | . 43 151 60 Absorbed by Shields . | . . . . Core Remaining (%) 100 | 100 . . . Volleys Fired 41 | 4 22 15 . Largest 2 | 2 2 2 . Hottest 60 | 60 60 60 . Shots Fired 80 | 8 44 28 . Gun 80 | 8 44 28 . Cannon . | . . . . Launcher . | . . . . Special . | . . . . Kinetic 39 | 4 22 13 . Thermal . | . . . . Explosive . | . . . . Electromagnetic 41 | 4 22 15 . Robot Hit Streak 10 | 2 4 10 . Robot Miss Streak 6 | 1 6 3 . Penetration Max . | . . . . Secondary Targets 3 | . 2 1 . Max Gunslinging Chain 1 | . 1 1 . Shots Hit Robots 45 | 4 19 22 . Core Hits 19 | 3 7 9 . Critical Kills . | . . . . Critical Parts Destroyed 1 | 1 . . . Critical Strikes 1 | 1 . . . Destroy 1 | 1 . . . Melee Attacks . | . . . . Impact . | . . . . Slashing . | . . . . Piercing . | . . . . Sneak Attacks . | . . . . Combat Hostiles . | . . . . Follow-up Attacks . | . . . . Damage Inflicted 598 | 57 256 285 . Guns 563 | 57 251 255 . Cannons . | . . . . Explosions 28 | . . 28 . Melee . | . . . . Ramming 7 | . 5 2 . Kinetic 239 | 27 116 96 . Thermal 28 | . . 28 . Explosive . | . . . . Electromagnetic 324 | 30 135 159 . Impact . | . . . . Slashing . | . . . . Piercing . | . . . . Highest Corruption . | . . . . Average Corruption . | . . . . Corruption Purged . | . . . . Corruption Blocked . | . . . . Overload Shots . | . . . . Overflow Damage . | . . . . Projectiles . | . . . . Explosions . | . . . . Melee . | . . . . Knockbacks . | . . . . Impact . | . . . . Kinetic . | . . . . Secondary . | . . . . Self-Inflicted Damage 27 | . . 27 . Shots 1 | . . 1 . Rammed 2 | . 1 1 . Targets Rammed 2 | . 1 1 . Kicked . | . . . . Crushed . | . . . . Highest Temperature 27 | . 24 27 . Average Temperature 14 | . 13 15 . Received Heat Transfer 351 | . 72 207 72 Siege Activations . | . . . . Martial Activations . | . . . . Shielding Activations . | . . . . Robots Disrupted . | . . . . Combat Hostiles . | . . . . Robots Corrupted . | . . . . Combat Hostiles . | . . . . Parts Fried . | . . . . Impact Corruptions . | . . . . Robots Melted . | . . . . Combat Hostiles . | . . . . Parts Melted . | . . . . Heat Transferred . | . . . . Parts Sabotaged . | . . . . Parts Stolen . | . . . . Parts Stripped . | . . . . Power Chain Reactions 1 | . . 1 . Alert | -11 -10 -10 -10 ------- Run | Yrd Mat Min Sub Maximum Alert Level . | . . . . Low Security (%) 100 | 100 100 100 . Level 1 . | . . . . Level 2 . | . . . . Level 3 . | . . . . Level 4 . | . . . . Level 5 . | . . . . High Security . | . . . . Max Security . | . . . . Peak Influence 90 | 10 65 90 . Initial . | . . . . Average 25 | 1 25 30 . Influence Increases 426 | 15 107 304 . Destroy 0b10 Robot/C 240 | . 80 160 . Destroy 0b10 Robot/NC 25 | 15 10 . . Destroy Leader 42 | . 12 30 . Allied During Kill 5 | . . 5 . Successful Hack 5 | . 5 . . Destroy Structure 4 | . . 4 . Lose Combat Pursuer 105 | . . 105 . Influence Decreases 426 | 15 107 290 14 Entered New Map 8 | . . . 8 Time Decay 314 | 15 107 186 6 Lost Part 60 | . . 60 . Lost Ally 44 | . . 44 . Squads Dispatched 1 | . . 1 . Investigation . | . . . . Extermination . | . . . . Reinforcement . | . . . . Assault 1 | . . 1 . Garrison . | . . . . Intercept . | . . . . Searches Triggered . | . . . . Construction Impeded . | . . . . Haulers Reinforced . | . . . . Active Scanning Responses . | . . . . Cargo Convoy Interrupts . | . . . . Stealth | -11 -10 -10 -10 --------- Run | Yrd Mat Min Sub Distress Signals 1 | . 1 . . Communications Jammed . | . . . . Distress Signals . | . . . . Times Spotted 30 | . 8 13 9 Peak Tracking Total 7 | . 3 4 7 Tactical Retreats 7 | . . 5 2 Traps | -11 -10 -10 -10 ------- Run | Yrd Mat Min Sub Traps Triggered . | . . . . Indirectly . | . . . . Trap Hack Attempts . | . . . . Triggered . | . . . . Disarmed . | . . . . Reprogrammed . | . . . . Reused . | . . . . Traps Extracted . | . . . . Installed . | . . . . Triggered . | . . . . Machines | -11 -10 -10 -10 ---------- Run | Yrd Mat Min Sub Machines Disabled . | . . . . Max in Single Turn . | . . . . Machines Repaired . | . . . . Machines Dismantled . | . . . . Machines Sabotaged . | . . . . Overloaded Fab Kills . | . . . . Hacking | -11 -10 -10 -10 --------- Run | Yrd Mat Min Sub Machines Accessed 1 | . 1 . . Terminals 1 | . 1 . . Fabricators . | . . . . Repair Stations . | . . . . Recycling Units . | . . . . Scanalyzers . | . . . . Garrison Access . | . . . . Total Hacks 2 | . 2 . . Successful 1 | . 1 . . Failed 1 | . 1 . . Catastrophic . | . . . . Database Lockouts . | . . . . Manual 2 | . 2 . . Terminals 2 | . 2 . . Fabricators . | . . . . Repair Stations . | . . . . Recycling Units . | . . . . Scanalyzers . | . . . . Garrison Access . | . . . . Terminal Hacks . | . . . . Fabricator Hacks . | . . . . Repair Station Hacks . | . . . . Recycling Unit Hacks . | . . . . Scanalyzer . | . . . . Garrison Access Hacks . | . . . . Unauthorized Hacks 1 | . 1 . . Terminals 1 | . 1 . . Botnet 1 | . 1 . . Fabricators . | . . . . Repair Stations . | . . . . Recycling Units . | . . . . Scanalyzers . | . . . . Garrison Access . | . . . . Data Cores Recovered . | . . . . Used . | . . . . Hacking Detections . | . . . . Full Trace Events . | . . . . Feedback Events . | . . . . Feedback Blocked . | . . . . Robot Schematics Acquired . | . . . . Robots Built . | . . . . Authchips . | . . . . Time . | . . . . Total Robot Build Rating . | . . . . Part Schematics Acquired . | . . . . Parts Built . | . . . . Authchips . | . . . . Time . | . . . . Total Part Build Rating . | . . . . Parts Repaired . | . . . . Time . | . . . . Parts Recycled . | . . . . Recycled Matter . | . . . . Retrieved Matter . | . . . . Retrieved Components . | . . . . Parts Scanalyzed . | . . . . Part Schematics Acquired . | . . . . Parts Damaged . | . . . . Bothacking | -11 -10 -10 -10 ------------ Run | Yrd Mat Min Sub Used RIF Installer . | . . . . Robots Hacked . | . . . . Non-combat . | . . . . Combat . | . . . . Robot Hacks Applied . | . . . . Relay Couplers Released . | . . . . Fabnet Peak Effective % . | . . . . Robots Rewired . | . . . . Allies Hacked . | . . . . Hacks Repelled . | . . . . Allies | -11 -10 -10 -10 -------- Run | Yrd Mat Min Sub Total Allies 3 | . . 3 . Largest Group 3 | . . 3 . Highest-Rated Group 69 | . . 69 . Highest-Rated Ally 31 | . . 31 . Total Orders . | . . . . Ally Attacks 18 | . . 18 . Total Damage 297 | . . 297 . Kills 2 | . . 2 . Allies Corrupted . | . . . . Allies Melted . | . . . . Intel | -11 -10 -10 -10 ------- Run | Yrd Mat Min Sub Active Infowar (turns) 912 | 30 275 474 133 Seismic 912 | 30 275 474 133 Robot Analysis Total . | . . . . Derelict Logs Recovered . | . . . . Drone Launches . | . . . . Drone Recoveries . | . . . . Exploration | -11 -10 -10 -10 ------------- Run | Yrd Mat Min Sub Turns Passed 998 | 116 275 474 133 Spaces Moved 640 | 61 126 309 144 Core 23 | 22 . . 1 Treads 286 | 39 126 121 . Legs . | . . . . Wheels 331 | . . 188 143 Hover . | . . . . Flight . | . . . . Fastest Speed 50 | 50 160 90 90 Average Speed 121 | 120 160 118 92 Slowest Speed 450 | 160 160 160 450 Overloaded Moves . | . . . . Propulsion Burnouts . | . . . . Robots Hopped . | . . . . Potential Cave-ins . | . . . . Cave-ins Triggered . | . . . . Exploration Rate (%) 27 | 5 33 57 14 Regions Visited 3 Branch Regions 2 Pre-discovered Areas . | . . . . Known Exits Taken . | . . . . Unknown Exits Taken 3 | 1 1 1 . Scrap Searched . | . . . . Spaces Dug . | . . . . Terrain Destroyed 4 | . . 4 . Melee . | . . . . Projectile . | . . . . AOE 4 | . . 4 . Terrain Rammed . | . . . . Walls Destroyed . | . . . . Machines Disabled . | . . . . Actions | -11 -10 -10 -10 --------- Run | Yrd Mat Min Sub Total 784 | 96 155 387 146 Wait 72 | 13 . 59 . Move 637 | 60 125 308 144 Hop . | . . . . Pick Up 18 | 12 5 1 . Fast Attach . | . . . . Attach 12 | 7 . 3 2 Detach . | . . . . Swap 1 | . 1 . . Drop 1 | . 1 . . Fire 41 | 4 22 15 . Melee . | . . . . Ram . | . . . . Kick . | . . . . Crush 2 | . 1 1 . Escape Stasis . | . . . . Rewire . | . . . . Trap . | . . . . Miscellaneous . | . . . . Route ------- -11/Scrapyard -10/Materials (discovered 2 exits: [*Min x2]) -10/Mines (discovered 2 exits: [*Mat] / [*Sub]) -10/Subcaves (discovered 1 exit: [*Rec]) History --------- Turn | Location | Event 9 | -11/Scrapyard | Discovered new exit (range 14) 117 | -11/Scrapyard | Entered Materials 230 | -10/Materials | Discovered new exit (range 10) 317 | -10/Materials | Build established: Mutant 335 | -10/Materials | Discovered new exit (range 16) 392 | -10/Materials | Entered Mines 434 | -10/Mines | Discovered new exit (range 9) 435 | -10/Mines | Met a Derelict testing a Signal Generator 592 | -10/Mines | Lost 3 allies 676 | -10/Mines | Core integrity fell below 50% 707 | -10/Mines | Lost 6 parts (1p2n3w) 863 | -10/Mines | Discovered new exit (range 4) 866 | -10/Mines | Entered Subcaves 867 | -10/Subcaves | Approached by a straggling Scientist 930 | -10/Subcaves | A swath of the cavern ceiling suddenly collapsed 993 | -10/Subcaves | Discovered new exit (range 10) 996 | -10/Subcaves | Core integrity fell below 20% 999 | -10/Subcaves | Destroyed by Autobeam Turret with Autobeam Last Messages --------------- GOAL=ESCAPE 00867_ 70-904(c): "Thank the algorithms! I was beginning to lose hope I'd never make it past all the Subs lurking out here." 00870_ 70-904(c): "Hey, let me tag along and I can get us both out of this nasty situation. At least I think I can... The group I got separated from was talking about a shortcut back to the UFD." 00927_ VC-QWU(z): "She is not going to be happy we haven't found any suitable candidates yet." A swath of the cavern ceiling suddenly collapses. 00993_ Acquired 15 matter. 00993_ EXIT=FOUND 00993_ S-10 Pest springs to life. 00995_ S-10 Pest destroyed. 00995_ Wheel destroyed. 00996_ Com. Wheel destroyed. 00998_ Mining Laser destroyed. Map ----- +----------------------------------------------------+ | ?????????????????????????????????????????????????? | | ?????????????????????????????????????????????????? | | ?????????????????????????????????????????????????? | | ?????????????????????????????????????????????????? | | ?????????????????????????????????????????????????? | | ?????????????????????????????????????????????????? | | ?????????????????????????????????????????????????? | | ?????????????????????????????????????????????????? | | ?????????????????????????????????????????????????? | | ?????????????????????????????????????????????????? | | ?????????????????????????????????????????????????? | | ?????????????????????????????????????????????????? | | ?????????????????????????????????????????????????? | | ?????????????????????????????????????????????????? | | ?????????????????????????????????????????????????? | | ?????????????????????????????????????????????????? | | ?????????????????????????????????????????????????? | | ?????????????####?##?????????????????????????????? | | ?????????????? ## ?????????????????????????????? | | ??????????????? ?????????????????????????????? | | ???????????????? # ??########???????????????????? | | ???????????????## % ??#" s"""#???????????????????? | | ???????????????# ??# "#???????????????????? | | ???????????????# ###s "#???????????????????? | | ???????????????# % t""##??????????????????? | | ??????????????## @ <#??????????????????? | | ????????????### %[ t""##??????????????????? | | ????????????# # "#???????????????????? | | ????????????## # s "#???????????????????? | | ?????????????# #" """#???###?????????????? | | ????????????# ## ############ ##????????????? | | ???????????# #?# #??## ####?????????? | | ???????????# #?## ##?## ##????????? | | ???????????# # ??# #### #????????? | | ???????????#?# ??## ## #### ## ##???????? | | ?????????????# ## #??#### ##??????? | | ?????????????#% ## ##??## ## #??????? | | ?????????????# ### ## ####???# ## #??????? | | ????????????# #??## ####????### ##??????? | | ????????????# ????## ?????# #???????? | | ????????????# ??????# ##???## #???????? | | ????????????# ???????# ##???## ###???????? | | ???????????? ????????# ###????# #####?###??? | | ???????????##????????###??????## ## ## ###? | | ???????????????????????????????#### #? | | ??????????????????????#####???????# #? | | ??????????????????????? ####???### #? | | ??????????????????????? " ##????## ###? | | ???????????????????????? "########?## #####??? | | ????????????????????????? """""# #??# ##??###? | +----------------------------------------------------+ Best States ------------- Heat Dissipation 25 Energy Generation 10 Energy Capacity 125 Matter Stores 300 Matter Capacity 300 Sight Range 16 Terrain Scan Density 10 Evasion (%) 50 Recoil Reduction 2 Item Schematics ----------------- None Robot Schematics ------------------ None Fabricated ------------ Nothing Repaired ---------- Nothing Alien Tech Used ----------------- None Achievements -------------- None Challenges ------------ None Game ------ Seed BurstJammingCompressor Manual? 0 Play Time 00:06:27 Cumulative 45.6 hours Start 2025.07.24 @ 05:30:55 End 2025.07.24 @ 05:36:54 Sessions 1 Manual Loads 0 Difficulty Rogue Special Mode None Game No. 113 Rogue 113 Adventurer 0 Explorer 0 Win Type - Total 0 Types 0/0/0/0/0/0/0/0/0/0 Lore% 38 Gallery% 37 Achievement% 30 Wizard Run 0 Options --------- Layout 1 ASCII 0 Keyboard 0 Movement Mouse Keybinds 0 Fullscreen 1 Font 24/Smallcaps Map View 50x35 Zoom Use 0% Tactical HUD 1 Map Filters NONE Filters NONE Steam 1 RUN: 3e360278-9b9e-4f03-bffc-4931e681e979